 Dungeon Crawl Stone Soup version 0.20.1-1-g8b1a95d (webtiles) character file.

627 KingStallion the Covered (level 7, -3/55 HPs)
             Began as a Barachi Fighter on Aug 9, 2017.
             Slain by a worker ant zombie (4 damage)
             ... on level 5 of the Dungeon.
             The game lasted 00:15:31 (3598 turns).

KingStallion the Covered (Barachi Fighter)          Turns: 3598, Time: 00:15:32

Health: -3/55      AC:  8    Str: 17    XL:     7   Next: 48%
Magic:  10/10      EV:  9    Int:  7    God:
Gold:   225        SH: 10    Dex: 13    Spells: 9/10 levels left

rFire    + . .     SeeInvis +   l - +2 flail (protect)
rCold    . . .     Gourm    .   u - +1 shield
rNeg     . . .     Faith    .   s - +0 ring mail
rPois    .         Spirit   .   (no helmet)
rElec    .         Reflect  .   p - +0 cloak
rCorr    .         Harm     .   (no gloves)
MR       .....                  e - +0 pair of boots
Stlth    +.........             (no amulet)
Regen    0.2/turn               i - ring of fire
MPRegen  0.2/turn               (no ring)

@: lethally poisoned (-3 -> -4), can't hop, slow
A: +LOS, swims, see invisible, cold resistance 1, dopey 1, slowness 1, strong
legs 1
a: Hop


You were on level 5 of the Dungeon.
You were not hungry.

You visited 1 branch of the dungeon, and saw 5 of its levels.

You collected 225 gold pieces.

Inventory:

Hand Weapons
 a - a +1 long sword
 l - a +2 flail of protection (weapon)
 n - a +0 halberd of venom
 v - a +0 spear of piercing
Armour
 e - a +0 pair of boots (worn)
 p - a +0 cloak (worn)
 r - a +0 plate armour
 s - a +0 ring mail (worn)
 u - a +1 shield (worn)
Magical Staves
 d - an uncursed staff of fire
Jewellery
 i - a ring of fire (left hand)
Scrolls
 g - a scroll of identify
 j - a scroll of amnesia
 t - a scroll of fog
Potions
 c - a potion of magic
 z - a potion of haste
Books
 y - a book of Cantrips

   Spells                             Type                      Level
   a - Confusing Touch                Hexes                        1
   b - Animate Skeleton               Necromancy                   1
   c - Summon Small Mammal            Summoning                    1
   d - Apportation                    Translocation                1
Comestibles
 f - 4 bread rations
 o - a meat ration
 x - 2 fruits


   Skills:
 + Level 4.5 Fighting
 + Level 5.7 Long Blades
 + Level 5.7 Armour
 + Level 1.0 Dodging
 + Level 0.2 Stealth
 + Level 4.7 Shields
 + Level 1.6 Unarmed Combat
 * Level 2.0 Spellcasting
 * Level 1.4 Summonings


You had 9 spell levels left.
You knew the following spells:

 Your Spells              Type           Power        Failure   Level  Hunger
a - Summon Small Mammal   Summ           #...         80%         1    ##.....


Dungeon Overview and Level Annotations

Branches:
Dungeon (5/15)
 Temple: D:4-7

Altars:
Elyvilon
Kikubaaqudgha
Zin

Shops:
D:5 (

Portals:
Ossuary: D:5


Innate Abilities, Weirdness & Mutations

Shadows flee at your approach. (+LOS)
You can swim through water.
You cover ground slowly.
You can hop short distances.
You have supernaturally acute eyesight. (SInv)
Your flesh is cold resistant. (rC+)
You are dopey. (Int -2)


Message History

You don't have any such object.
Wield which item (- for none, * to show all)? (? for menu, Esc to quit)
Okay, then.
Wield which item (- for none, * to show all)? (? for menu, Esc to quit)
Your +2 flail of protection hums with potential!
l - a +2 flail of protection (weapon)
* * * LOW HITPOINT WARNING * * *
You feel sick.
You hear the hiss of an avalanche of sand nearby.
Your surroundings suddenly seem different.
Found a bread ration.
A worker ant zombie comes into view.
* * * LOW HITPOINT WARNING * * *
You feel sick.
You block the worker ant zombie's attack.
* * * LOW HITPOINT WARNING * * *
You feel sick.
You block the worker ant zombie's attack.
The worker ant zombie bites you.
You die...

## ... .# ... .#
... .# #.# o# #.#
o#.. ###.######
.#.. #........#
.#.# #........#
.#.#### #......@.#
.#....# #......Z.#
.#....# #%.......#
.#....# #........#
##....####........#
.............######
##.....#######
.#...#.# .#.#.#.#


You could see a worker ant zombie.

Vanquished Creatures
  Edmund (D:4)
  The ghost of shugdite the Skirmisher, an amateur MiFi (D:4)
  A scorpion (D:5)
  A hound (D:5)
  A bullfrog zombie (D:5)
  Crazy Yiuf (D:5)
  3 worker ants (D:5)
  The ghost of Monsterracer the Grasshopper, a weakling DrWr (D:3)
  A worker ant zombie (D:5)
  7 adders
  3 oozes
  4 worms
  3 dart slugs
  A leopard gecko (D:2)
  11 orcs
  12 bats
  7 giant cockroaches
  7 goblins
  7 hobgoblins
  5 jackals (D:4)
  7 kobolds
  3 frilled lizards
  8 rats
96 creatures vanquished.

Notes
Turn   | Place    | Note
-------+----------+-------------------------------------------
     0 | D:1      | KingStallion the Barachi Fighter began the quest for the Orb.
     0 | D:1      | Reached XP level 1. HP: 18/18 MP: 1/1
    62 | D:1      | Reached XP level 2. HP: 19/25 MP: 2/2
   271 | D:1      | Reached XP level 3. HP: 29/30 MP: 3/3
   356 | D:1      | Gained mutation: You have a somewhat thin skeletal structure. (Dex +2, Stealth) [potion of mutation]
   356 | D:1      | Gained mutation: You evolve. [potion of mutation]
   949 | D:2      | Reached skill level 1 in Unarmed Combat
   949 | D:2      | Reached XP level 4. HP: 37/37 MP: 4/4
  1617 | D:3      | Noticed Monsterracer's ghost (weakling DrWr)
  1639 | D:3      | Killed Monsterracer's ghost
  1670 | D:3      | Reached XP level 5. HP: 22/42 MP: 5/5
  1691 | D:3      | Found a glowing silver altar of Zin.
  2305 | D:3      | Found a white marble altar of Elyvilon.
  2459 | D:4      | Found an ancient bone altar of Kikubaaqudgha.
  2580 | D:4      | Learned a level 1 spell: Summon Small Mammal
  2600 | D:4      | Noticed shugdite's ghost (amateur MiFi)
  2603 | D:4      | Noticed Edmund
  2643 | D:4      | Killed shugdite's ghost
  2643 | D:4      | Reached skill level 5 in Long Blades
  2643 | D:4      | Reached skill level 1 in Spellcasting
  2643 | D:4      | Reached XP level 6. HP: 39/48 MP: 5/7
  2696 | D:4      | Killed Edmund
  2696 | D:4      | Reached skill level 5 in Armour
  2696 | D:4      | Reached skill level 1 in Summonings
  3335 | D:5      | Entered Level 5 of the Dungeon
  3360 | D:5      | Reached XP level 7. HP: 54/54 MP: 9/9
  3384 | D:5      | Found a runed door.
  3388 | D:5      | Noticed Crazy Yiuf
  3397 | D:5      | Killed Crazy Yiuf
  3462 | D:5      | Reached skill level 1 in Dodging
  3472 | D:5      | Found Tobir's Weapon Shoppe.
  3541 | D:5      | Found a sand-covered staircase.
  3575 | D:5      | Lost mutation: You evolve. [potion of mutation]
  3575 | D:5      | Lost mutation: You have a somewhat thin skeletal structure. (Dex +2, Stealth) [potion of mutation]
  3575 | D:5      | Gained mutation: You tend to lose your temper in combat. [potion of mutation]
  3575 | D:5      | Gained mutation: You have supernaturally acute eyesight. (SInv) [potion of mutation]
  3575 | D:5      | Gained mutation: You are agile. (Dex +2) [potion of mutation]
  3576 | D:5      | Lost mutation: You tend to lose your temper in combat. [potion of mutation]
  3576 | D:5      | Lost mutation: You are agile. (Dex +2) [potion of mutation]
  3576 | D:5      | Gained mutation: You are dopey. (Int -2) [potion of mutation]
  3576 | D:5      | Gained mutation: Your flesh is cold resistant. (rC+) [potion of mutation]
  3584 | D:5      | HP: 2/55 [poisoned by an orc]
  3590 | D:5      | HP: 1/55 [poisoned by an orc]
  3597 | D:5      | HP: 1/55 [poisoned by an orc]
  3598 | D:5      | Slain by a worker ant zombie

Skill      XL: |  1  2  3  4  5  6  7 |
---------------+----------------------+-----
Armour         | 4 5 |  5.7
Long Blades    | 3 4 5 |  5.7
Fighting       | 4 |  4.5
Unarmed Combat | 1 |  1.6
Shields        | 4 |  4.7
Spellcasting   | 1 2 |  2.0
Summonings     | 1 |  1.4
Dodging        | 1 |  1.0
Stealth        | |  0.2

Action                   |  1- 3 |  4- 6 |  7- 9 || total
-------------------------+-------+-------+-------++-------
Melee: Long sword        |   133 |   239 |    56 ||   428
 Abil: Hop               |       |       |     1 ||     1
  Use: Potion            |     1 |     7 |     3 ||    11
       Scroll            |       |    12 |     3 ||    15
 Stab: Sleeping          |       |       |     1 ||     1
  Eat: Chunk             |     1 |     9 |     1 ||    11
       Royal jelly       |       |       |     1 ||     1
Armor: Scale mail        |    60 |    68 |       ||   128
       Ring mail         |       |    20 |    17 ||    37
Dodge: Dodged            |    43 |    75 |    18 ||   136
Block: Shield            |    63 |   119 |    34 ||   216
       Rpst.: Long sword |    12 |    17 |     5 ||    34
